 Dungeon Crawl Stone Soup version 0.27-a0-417-g317cea8a3c (webtiles) character file.

Game seed: 17158120458761442325

477 Demosthentine the Poker (level 7, 0/54 HPs)
             Began as a Merfolk Gladiator on Feb 26, 2021.
             Was a Believer of Zin.
             Succumbed to a scorpion's poison
             ... on level 4 of the Dungeon.
             The game lasted 00:03:55 (3841 turns).

Demosthentine the Poker (Merfolk Gladiator)         Turns: 3841, Time: 00:03:56

Health: 0/54       AC:  5    Str: 16    XL:     7   Next: 11%
Magic:  7/7        EV: 15    Int:  7    God:    Zin [**....]
Gold:   210        SH:  0    Dex: 16    Spells: 6/6 levels left

rFire    + . .     SeeInvis .   a - +1 trident
rCold    + . .     Faith    .   (no shield)
rNeg     . . .     Spirit   .   b - +0 leather armour
rPois    +         Reflect  .   c - +0 helmet
rElec    +         Harm     .   f - +0 cloak
rCorr    +         Rampage  .   (no gloves)
Will     .....                  (no boots)
Stlth    +.........             (no amulet)
HPRegen  0.18/turn              (no ring)
MPRegen  0.10/turn              (no ring)

@: lethally poisoned (0 -> -5), resistant, flying, very slightly contaminated,
invisible
A: change form in water, swift swim, stealthy swim
a: Renounce Religion, Recite, Vitalisation, Donate Gold


You were on level 4 of the Dungeon.
You worshipped Zin.
Zin was pleased with you.
You visited 1 branch of the dungeon, and saw 4 of its levels.
You also visited: Sewer.

You collected 233 gold pieces.
You donated 23 gold pieces to Zin.

Inventory:

Hand Weapons
 a - a +1 trident (weapon)
Missiles
 d - 3 throwing nets (quivered)
Armour
 b - a +0 leather armour (worn)
 c - a +0 helmet (worn)
 f - a +0 cloak (worn)
 l - a +0 buckler
Scrolls
 e - 3 scrolls of teleportation
 g - a scroll of magic mapping
 j - a scroll of fear
Potions
 h - 2 potions of might
 i - a potion of mutation
 k - a potion of resistance
 m - a potion of attraction


   Skills:
 + Level 4.2 Fighting
 + Level 6.5 Polearms
 - Level 2.0 Throwing
 + Level 2.3 Armour
 + Level 5.9 Dodging
 + Level 2.0 Shields


You had 6 spell levels left.
You didn't know any spells.
Your spell library was empty.

Dungeon Overview and Level Annotations

Branches:
Dungeon (4/15)              Sewer (visited)
 Temple: D:4-7

Altars:
Ashenzari
Fedhas
Yredelemnul
Zin


Message History

It was a potion of resistance.
You feel protected.
* * * LOW HITPOINT WARNING * * *
You feel sick. The scorpion stings you.
* * * LOW HITPOINT WARNING * * *
It was a potion of invisibility.
You fade into invisibility!
* * * LOW HITPOINT WARNING * * *
You feel sick. The scorpion barely misses you.
You are very lightly contaminated with residual magic.
It was a potion of flight.
You feel very buoyant.
You fly up into the air.
* * * LOW HITPOINT WARNING * * *
You feel sick. The scorpion misses you.
Unknown command.
Okay, then.
Unknown command.
Unknown command.
Unknown command.
* * * LOW HITPOINT WARNING * * *
You feel sick.
You puncture the scorpion!
You kill the scorpion!
* * * LOW HITPOINT WARNING * * *
You feel sick.
Your Shields skill increases to level 2!
You have reached level 7!
Okay, then.
Unknown command.
* * * LOW HITPOINT WARNING * * *
You feel sick.
* * * LOW HITPOINT WARNING * * *
You feel sick.
* * * LOW HITPOINT WARNING * * *
You feel sick.
* * * LOW HITPOINT WARNING * * *
You feel sick. Zin protects you from harm!
You die...

.†.............##
...).†.........#############
#...=.†....(...............#
.....!...#.#..############.#
.........._............# #.#
..#'##...#.#...........# #.#
..#....................# #.#
..#....................# #.#
..#.............@......# #.#
.......................# #.#
####...................# #.#
...'..........########## #.#
.###..........# #.#
#.......####.# #.#####
#.#####.# #.# #.....#
#.#...#.# #.# ####.##
#$###.#.####.# #.#


There were no monsters in sight!

Vanquished Creatures
  Sigmund (D:4)
  A scorpion (D:4)
  A howler monkey (D:4)
  2 worker ants
  7 adders
  4 oozes
  6 worms
  A dart slug (D:1)
  3 leopard geckos
  4 orcs
  3 ball pythons
  A bat zombie (D:4)
  3 giant cockroaches
  2 goblins
  4 hobgoblins
  7 jackals
  2 quokkas (D:4)
  11 bats
  5 frilled lizards
  4 kobolds
  A quokka skeleton (D:4)
  7 rats
80 creatures vanquished.

Vanquished Creatures (others)
  2 plants (D:2)
2 creatures vanquished.

Grand Total: 82 creatures vanquished

Notes
Turn   | Place    | Note
-------+----------+-------------------------------------------
     0 | D:1      | Demosthentine the Merfolk Gladiator began the quest for the
                  | Orb.
     0 | D:1      | Reached XP level 1. HP: 16/16 MP: 1/1
    91 | D:1      | Reached XP level 2. HP: 23/23 MP: 2/2
   398 | D:2      | Reached XP level 3. HP: 17/28 MP: 3/3
   414 | D:2      | Reached skill level 5 in Polearms
   534 | D:2      | Reached skill level 1 in Armour
   766 | D:2      | Found a faded altar of an unknown god.
   843 | D:2      | Reached XP level 4. HP: 35/35 MP: 4/4
   847 | D:2      | Found a basalt altar of Yredelemnul.
   853 | D:2      | Found a blossoming altar of Fedhas.
   856 | D:2      | Found a glowing silver altar of Zin.
  1168 | D:2      | Became a worshipper of Zin the Law-Giver
  1168 | D:2      | Reached * piety under Zin
  1270 | D:3      | You fall into a shaft and drop 1 floor!
  1401 | D:3      | Found a glowing drain.
  1426 | Sewer    | Entered a sewer
  2068 | Sewer    | Reached skill level 5 in Dodging
  2068 | Sewer    | Reached XP level 5. HP: 26/41 MP: 5/5
  2592 | D:3      | Reached ** piety under Zin
  3174 | D:4      | Reached skill level 1 in Shields
  3177 | D:4      | Noticed Sigmund
  3418 | D:3      | Reached skill level 6 in Polearms
  3418 | D:3      | Reached XP level 6. HP: 33/48 MP: 6/6
  3656 | D:4      | Found a broken altar of Ashenzari.
  3679 | D:4      | Killed Sigmund
  3836 | D:4      | Reached XP level 7. HP: 4/54 MP: 7/7
  3837 | D:4      | HP: 2/54 [poisoned by a scorpion]
  3840 | D:4      | Zin protects you from harm!
  3841 | D:4      | Succumbed to a scorpion's poison

Illustrated notes

Levels and vault maps discovered:
D:1:      giann_bridges, layout_basic
D:2:      layout_rooms, minmay_overflow_temple_star_quad,
          chequers_ecumenical_altar_lobes
D:3:      layout_loops_corners, cheibrodos_sewer_entry_drain
D:4:      layout_basic, lemuel_zombie_altar_kikubaaqudgha, ashenzari_altar_1,
          uniq_sigmund

Skill      XL: |  1  2  3  4  5  6 |
---------------+-------------------+-----
Polearms       | 5 6 |  6.5
Armour         | 1 2 |  2.3
Fighting       | 3 4 |  4.2
Dodging        | 5 |  5.9
Shields        | 1 2 |  2.0
Throwing       | |  2.0

Action                   |  1- 3 |  4- 6 |  7- 9 || total
-------------------------+-------+-------+-------++-------
Melee: Trident           |    98 |   239 |       ||   337
       Tailslap          |       |     5 |       ||     5
Throw: Throwing net      |       |     2 |       ||     2
  Use: Scroll            |     3 |     8 |       ||    11
       Potion            |     1 |     4 |       ||     5
 Stab: Sleeping          |     1 |     4 |       ||     5
       Held in net/web   |       |     2 |       ||     2
Armor: Leather armour    |    26 |    70 |       ||    96
Dodge: Dodged            |    67 |   194 |       ||   261

Table legend: (Time is in decaauts)
 A = Elapsed time spent in this place.
 B = Non-inter-level travel time spent in this place.
 C = Inter-level travel time spent in this place.
 D = Time resting spent in this place.
 E = Time spent auto-exploring this place.
 F = Levels seen in this place.
 G = Mean time per level.
                   A        B        C        D        E       F      G
               +--------+--------+--------+--------+--------+-----+--------+
         Total |   3757 |   3588 |    169 |    645 |   2289 |   5 |  751.4 |
       Dungeon |   2940 |   2771 |    169 |    393 |   1893 |   4 |  735.0 |
         Sewer |    816 |    816 |      0 |    252 |    395 |   1 |  816.0 |
               +--------+--------+--------+--------+--------+-----+--------+

Top non-repeatable levels by time:
     D:3: 1409 daAuts
     D:2: 856 daAuts
   Sewer: 816 daAuts
     D:1: 377 daAuts
     D:4: 296 daAuts
